 Dungeon Crawl Stone Soup version 0.29-a0-298-g3c90f9a769 (webtiles) character file.

Game seed: 12626159642215613996

1322 Dabor the Stinger (level 8, -2/34 (41) HPs)
             Began as a Deep Elf Venom Mage on Mar 23, 2022.
             Was an Initiate of Vehumet.
             Slain by a necrophage (3 damage)
             ... on level 4 of the Dungeon.
             The game lasted 00:09:32 (6407 turns).

Dabor the Stinger (Deep Elf Venom Mage)             Turns: 6407, Time: 00:09:32

HP:   -2/34 (41)    AC:  2    Str:  5    XL:     8   Next: 33%
MP:   5/19          EV: 14    Int: 23    God:    Vehumet [......]
Gold: 179           SH:  0    Dex: 15    Spells: 9/19 levels left

rFire   . . .      SeeInvis .   c - +2 hand axe (vamp)
rCold   . . .      Faith    .   (no shield)
rNeg    . . .      Spirit   .   a - +0 robe
rPois   +          Reflect  .   (no helmet)
rElec   .          Harm     .   (no cloak)
rCorr   .          Rampage  .   (no gloves)
Will    .....                   (no boots)
Stlth   ++........              f - amulet of the acrobat
HPRegen 0.11/turn               q - ring of poison resistance
MPRegen 0.16/turn               o - ring of flight

@: flying, heavily drained
A: no striking features
a: Renounce Religion


You were on level 4 of the Dungeon.
You worshipped Vehumet.
Vehumet was noncommittal.
You visited 2 branches of the dungeon, and saw 6 of its levels.

You collected 179 gold pieces.

Inventory:

Hand Weapons
 c - a +2 vampiric hand axe (weapon)
 g - a +0 whip of flaming
 v - a +1 whip of electrocution
Armour
 a - a +0 robe (worn)
Jewellery
 f - an amulet of the acrobat (around neck)
 o - a ring of flight (right hand)
 q - a ring of poison resistance (left hand)
Wands
 j - a wand of polymorph (5)
 l - a wand of digging (6)
 s - a wand of charming (5)
 u - a wand of paralysis (8)
 w - a wand of flame (16)
Scrolls
 t - a scroll of blinking
Potions
 b - a potion of magic
 d - a potion of might {unknown}
 e - a potion of flight {unknown}
 i - a potion of curing {unknown}
 k - 2 potions of brilliance {unknown}
 m - 2 potions of attraction {unknown}
 p - a potion of heal wounds
 r - a potion of mutation {unknown}
 x - a potion of degeneration {unknown}


   Skills:
 + Level 5.7 Dodging
 - Level 2.9 Stealth
 + Level 6.4 Spellcasting
 - Level 3.0 Transmutations
 * Level 7.6 Poison Magic
 + Level 4.3 Invocations


You had 9 spell levels left.
You knew the following spells:

 Your Spells              Type           Power      Damage    Failure   Level
a - Sting                 Tmut/Pois      100%       1d8       1%          1
b - Poisonous Vapours     Pois/Air       48%        N/A       2%          2
c - Olgreb's Toxic Radia  Pois           42%        N/A       3%          4
d - Mephitic Cloud        Conj/Pois/Air  19%        N/A       9%          3

Your spell library contained the following spells:

 Spells                   Type           Power      Damage    Failure   Level


Dungeon Overview and Level Annotations

Branches:
Dungeon (5/15)             Temple (1/1) D:4

Altars:
Ashenzari
Cheibriados
Dithmenos
Elyvilon
Gozag
Kikubaaqudgha
Makhleb
Trog
Vehumet
Wu Jian
Xom
Yredelemnul
Zin
The Shining One


Message History

The necrophage hits you.
The sting hits the necrophage.
The necrophage partially resists.
The necrophage is moderately damaged.
The necrophage closely misses you.
The sting misses the necrophage.
The necrophage closely misses you.
The sting hits the necrophage.
The necrophage partially resists.
The necrophage is moderately damaged.
The necrophage closely misses you.
The sting hits the necrophage.
The necrophage partially resists.
The necrophage is moderately damaged.
The necrophage hits you.
You feel drained.
The sting hits the necrophage.
The necrophage is heavily damaged.
The necrophage hits you.
You feel drained.
You are too injured to fight recklessly!
You are too injured to fight recklessly!
You are too injured to fight recklessly!
You are too injured to fight recklessly!
You hit the necrophage.
The necrophage is heavily damaged.
The necrophage closely misses you.
You hit the necrophage.
The necrophage is heavily damaged.
The necrophage hits you.
* * * LOW HITPOINT WARNING * * *
You feel drained.
* * * LOW HITPOINT WARNING * * *
The necrophage hits you.
* * * LOW HITPOINT WARNING * * *
You feel drained.
* * * LOW HITPOINT WARNING * * *
You slash the necrophage!
The necrophage is severely damaged.
The necrophage hits you.
* * * LOW HITPOINT WARNING * * *
You feel drained.
You hit the necrophage.
The necrophage is almost destroyed.
The necrophage hits you.
You die...

#......###########.###.[#########
........................).......#
...###.########........########.#
....).[########.##.##.## #.#
##.###)[..).....##.##.# #.# #.#
#############.##.# #.# ##.#
#....# #.# ...#
#######.#########.# ####
#n@...............#
#.#####.########### #.# #.# #.#
#.# #.# #.# #.# #.### #.# #...#
#.# #.#.# ###### #.# #.#.# #.....


You could see a necrophage.

Vanquished Creatures
  Pikel (D:4)
  Duvessa (D:4)
  A sky beast (D:4)
  An ogre (D:4)
  A centaur (D:5)
  A necrophage (D:4)
  A scorpion (D:4)
  Dowan (D:4)
  4 orc wizards (D:4)
  Ijyb (D:4)
  Natasha (thrice) (D:2)
  5 adders
  An ufetubus (D:4)
  A worm (D:2)
  3 dart slugs
  9 orcs (D:4)
  3 ball pythons
  8 bats
  2 bat zombies (D:4)
  5 endoplasms
  4 giant cockroaches
  6 hobgoblins
  9 kobolds
  3 quokkas
  4 frilled lizards
  12 goblins
  7 rats
  A rat zombie (D:4)
99 creatures vanquished.

Vanquished Creatures (others)
  A wizard (D:3)
1 creature vanquished.

Grand Total: 100 creatures vanquished

Notes
Turn   | Place    | Note
-------+----------+-------------------------------------------
     0 | D:1      | Dabor the Deep Elf Venom Mage began the quest for the Orb.
     0 | D:1      | Reached XP level 1. HP: 10/10 MP: 6/6
   229 | D:1      | Reached XP level 2. HP: 15/15 MP: 4/8
   807 | D:1      | Found a faded altar of an unknown god.
   817 | D:1      | Prayed at the altar of an unknown god.
   817 | D:1      | Became a worshipper of the Shining One
   817 | D:1      | Reached * piety under the Shining One
  1144 | D:2      | Reached XP level 3. HP: 13/19 MP: 6/9
  1424 | D:2      | Noticed Natasha
  1430 | D:2      | Killed Natasha
  1439 | D:2      | Noticed Natasha
  1722 | D:2      | Killed Natasha
  1723 | D:2      | Reached skill level 4 in Poison Magic
  1723 | D:2      | Reached XP level 4. HP: 24/24 MP: 6/11
  1797 | D:2      | Noticed Natasha
  1802 | D:2      | Reached skill level 1 in Invocations
  1805 | D:2      | Killed Natasha
  2149 | D:2      | Reached XP level 5. HP: 28/28 MP: 7/12
  2806 | D:3      | Found a bloodstained altar of Trog.
  2808 | D:3      | Noticed a wizard
  2814 | D:3      | Killed a wizard
  3218 | D:3      | Learned a level 2 spell: Poisonous Vapours
  3223 | D:3      | Learned a level 4 spell: Olgreb's Toxic Radiance
  3246 | D:4      | Reached ** piety under the Shining One
  3274 | D:4      | Noticed Duvessa
  3296 | D:4      | Killed Duvessa
  3297 | D:4      | Reached skill level 5 in Poison Magic
  3297 | D:4      | Reached XP level 6. HP: 17/32 MP: 4/14
  3298 | D:4      | Noticed Dowan
  3616 | D:4      | Noticed Ijyb
  3634 | D:4      | Killed Ijyb
  4100 | D:4      | Noticed a sky beast
  4116 | D:4      | Killed a sky beast
  4117 | D:4      | Reached skill level 5 in Spellcasting
  4117 | D:4      | Reached XP level 7. HP: 17/36 MP: 3/16
  4309 | D:4      | Noticed Pikel
  4317 | D:4      | Killed Pikel
  4318 | D:4      | Reached skill level 5 in Dodging
  4318 | D:4      | Reached skill level 6 in Poison Magic
  4400 | D:4      | Reached skill level 7 in Poison Magic
  4400 | D:4      | Reached XP level 8. HP: 41/41 MP: 2/19
  5069 | D:4      | Found a staircase to the Ecumenical Temple.
  5110 | D:4      | Killed Dowan
  5769 | D:4      | Found an ancient bone altar of Kikubaaqudgha.
  5842 | Temple   | Entered the Ecumenical Temple
  5910 | Temple   | Fell from the grace of the Shining One
  5910 | Temple   | Became a worshipper of Vehumet
  5970 | D:5      | Entered Level 5 of the Dungeon
  6383 | D:4      | Learned a level 3 spell: Mephitic Cloud
  6406 | D:4      | HP: 1/35 [necrophage (1)]
  6407 | D:4      | Slain by a necrophage

Illustrated notes

Levels and vault maps discovered:
D:1:      ncdulo_watergridlock, layout_basic,
          hellmonk_ecumenical_altar_prayer_group
D:2:      layout_rooms, uniq_natasha
D:3:      layout_rooms, trog_wizard
D:4:      layout_loops_ring, lemuel_zombie_altar_kikubaaqudgha, temple_doors_e,
          uniq_ijyb, uniq_duvessa, uniq_pikel
D:5:      layout_rooms, lemuel_doored_altar
Temple:   nicolae_temple_x_marks_the_god

Skill      XL: |  1  2  3  4  5  6  7  8 |
---------------+-------------------------+-----
Dodging        | 3 4 5 |  5.7
Transmutations | 2 3 |  3.0
Poison Magic   | 4 5 7 |  7.6
Invocations    | 1 2 3 4 |  4.3
Spellcasting   | 4 5 6 |  6.4
Stealth        | |  2.9

Action                   |  1- 3 |  4- 6 |  7- 9 || total
-------------------------+-------+-------+-------++-------
Melee: Whip              |     3 |     3 |     2 ||     8
       Hand axe          |       |       |     6 ||     6
 Cast: Sting             |    65 |   123 |    72 ||   260
       Poisonous Vapours |       |     3 |    11 ||    14
       Olgreb's Toxic Ra |       |       |     6 ||     6
       Mephitic Cloud    |       |       |     1 ||     1
Invok: Divine Shield     |     1 |       |       ||     1
  Use: Scroll            |       |       |     4 ||     4
Armor: Robe              |     9 |     9 |    11 ||    29
Dodge: Dodged            |    23 |    56 |    58 ||   137

Table legend: (Time is in decaauts)
 A = Elapsed time spent in this place.
 B = Non-inter-level travel time spent in this place.
 C = Inter-level travel time spent in this place.
 D = Time resting spent in this place.
 E = Time spent auto-exploring this place.
 F = Levels seen in this place.
 G = Mean time per level.
                   A        B        C        D        E       F      G
               +--------+--------+--------+--------+--------+-----+--------+
         Total |   6410 |   6192 |    218 |   1773 |   3553 |   6 | 1068.3 |
       Dungeon |   6331 |   6123 |    208 |   1773 |   3507 |   5 | 1266.2 |
        Temple |     78 |     68 |     10 |      0 |     46 |   1 |   78.0 |
               +--------+--------+--------+--------+--------+-----+--------+

Top non-repeatable levels by time:
     D:4: 2689 daAuts
     D:1: 1511 daAuts
     D:3: 1246 daAuts
     D:2: 850 daAuts
  Temple: 78 daAuts
     D:5: 33 daAuts
